ESL (28 & UNDER)
BUFFALO LIGHTSABRES @ BUTLER WHITE SOX
04/12/2030
 
TOP OF THE 1ST
Buffalo LightSabres batting - Pitching for Butler White Sox : LHP Gary Fox
Pitching: LHP Gary Fox
Batting: RHB Mike Wagner 0-0: Ball
1-0: Fly out, F9 (Flyball, 89S)
Batting: LHB Tim Griffith 0-0: Called Strike
0-1: Ball
1-1: Ball
2-1: Foul Ball, location: 2F
2-2: Foul Ball, location: 2F
2-2: SINGLE (Groundball, 6MD)
Batting: RHB Augusto Padilla 0-0: Called Strike
0-1: Foul Ball, location: 2F
0-2: Foul Ball, location: 2F
0-2: Ball
1-2: Ball
Tim Griffith steals 2nd base
2-2: Ball
3-2: SINGLE (Groundball, 6MD)
Tim Griffith to third
Runner from 3rd tries for Home, SAFE, no throw
Batting: LHB Garrett King 0-0: Ball
1-0: Ball
2-0: Foul Ball, location: 2F
2-1: Foul Ball, location: 2F
2-2: Strikes out swinging
Batting: RHB Brad Ravenshaw 0-0: Called Strike
0-1: Ball
1-1: Called Strike
1-2: Ball
2-2: Foul Ball, location: 2F
2-2: Ground out 4-3 (Groundball, 4)
Top of the 1st over - 1 run, 2 hits, 0 errors, 1 left on base; Buffalo 1 - Butler 0
BOTTOM OF THE 1ST
Butler White Sox batting - Pitching for Buffalo LightSabres : RHP Joe Hopkins
Pitching: RHP Joe Hopkins
Batting: RHB Luis Fuentes 0-0: Foul Ball, location: 2F
0-1: Ball
1-1: Fly out, F9 (Line Drive, 89D)
Batting: LHB Sam Haynes 0-0: Ball
1-0: Ground out 6-3 (Groundball, 6)
Batting: SHB Ben Marks 0-0: Foul Ball, location: 2F
0-1: Called Strike
0-2: Ball
1-2: Foul Ball, location: 2F
1-2: Strikes out looking
Bottom of the 1st over - 0 runs, 0 hits, 0 errors, 0 left on base; Buffalo 1 - Butler 0
TOP OF THE 2ND
Buffalo LightSabres batting - Pitching for Butler White Sox : LHP Gary Fox
Batting: RHB Jorge Castillo 0-0: Ground out 5-3 (Groundball, 5)
Batting: LHB Sergio Luna 0-0: Called Strike
0-1: Ball
1-1: Ball
2-1: Called Strike
2-2: Foul Ball, location: 2F
2-2: Foul Ball, location: 2F
2-2: Strikes out swinging
Batting: LHB Emílio Montoya 0-0: Called Strike
0-1: Ball
1-1: Foul Ball, location: 2F
1-2: Strikes out looking
Top of the 2nd over - 0 runs, 0 hits, 0 errors, 0 left on base; Buffalo 1 - Butler 0
BOTTOM OF THE 2ND
Butler White Sox batting - Pitching for Buffalo LightSabres : RHP Joe Hopkins
Batting: RHB Steve Clifton 0-0: Ball
1-0: Called Strike
1-1: Ball
2-1: Ball
3-1: Swinging Strike
3-2: Foul Ball, location: 2F
3-2: Ground out 6-3 (Groundball, 6)
Batting: LHB Josh Pérez 0-0: Foul Ball, location: 2F
0-1: Ball
1-1: Foul Ball, location: 2F
1-2: Fly out, F8 (Flyball, 8RD)
Batting: SHB Giel Molendijk 0-0: Ball
1-0: Ball
2-0: Called Strike
2-1: Called Strike
2-2: SOLO HOME RUN (Flyball, 7LD), Distance : 350 ft
Batting: RHB Ángel Serrano 0-0: Called Strike
0-1: Ball
1-1: Foul Ball, location: 2F
1-2: Ball
2-2: Ball
3-2: Ground out 6-3 (Groundball, 6)
Bottom of the 2nd over - 1 run, 1 hit, 0 errors, 0 left on base; Buffalo 1 - Butler 1
TOP OF THE 3RD
Buffalo LightSabres batting - Pitching for Butler White Sox : LHP Gary Fox
Batting: LHB Júlio Córdova 0-0: Ball
1-0: Swinging Strike
1-1: SINGLE (Groundball, 56D)
Batting: RHB Mike Wagner 0-0: Ball
Júlio Córdova steals 2nd base
1-0: Ground out 6-3 (Groundball, 6M)
Júlio Córdova to third
Batting: LHB Tim Griffith 0-0: Ball
1-0: Ball
2-0: Ground out 6-3 (Groundball, 6)
Júlio Córdova scores
Batting: RHB Augusto Padilla 0-0: Ball
1-0: Foul Ball, location: 2F
1-1: Ball
2-1: Fly out, F7 (Flyball, 7)
Top of the 3rd over - 1 run, 1 hit, 0 errors, 0 left on base; Buffalo 2 - Butler 1
BOTTOM OF THE 3RD
Butler White Sox batting - Pitching for Buffalo LightSabres : RHP Joe Hopkins
Batting: RHB Jerry Moore 0-0: Ball
1-0: Foul Ball, location: 2F
1-1: Called Strike
1-2: Strikes out swinging
Batting: LHB Denny Allen 0-0: Called Strike
0-1: Ball
1-1: Ball
2-1: Foul Ball, location: 2F
2-2: Reached on error, E3 (Groundball, 3L)
Batting: RHB Luis Fuentes 0-0: Ball
1-0: Ball
2-0: Ball
3-0: Base on Balls
Denny Allen to second
Batting: LHB Sam Haynes 0-0: Ball
1-0: Foul Ball, location: 2F
1-1: Fielders Choice at 2nd, 6-4 (Groundball, 6M)
Denny Allen to third
Batting: SHB Ben Marks 0-0: Ball
1-0: Foul Ball, location: 2F
1-1: Ball
2-1: Ball
3-1: SINGLE (Line Drive, 7S)
Denny Allen scores
Sam Haynes to second
Runner from 2nd tries for 3rd, SAFE, no throw
Batting: RHB Steve Clifton 0-0: Fielders Choice at 2nd, 6-4 (Groundball, 6)
Bottom of the 3rd over - 1 run, 1 hit, 1 error, 2 left on base; Buffalo 2 - Butler 2
TOP OF THE 4TH
Buffalo LightSabres batting - Pitching for Butler White Sox : LHP Gary Fox
Batting: LHB Garrett King 0-0: Called Strike
0-1: Ball
1-1: Swinging Strike
1-2: Ball
2-2: Strikes out swinging
Batting: RHB Brad Ravenshaw 0-0: Ball
1-0: Called Strike
1-1: Ball
2-1: Ball
3-1: Ground out 6-3 (Groundball, 6M)
Batting: RHB Jorge Castillo 0-0: Ball
1-0: Ball
2-0: Ball
3-0: Base on Balls
Batting: LHB Sergio Luna 0-0: Called Strike
0-1: Called Strike
0-2: Ball
1-2: Strikes out swinging
Top of the 4th over - 0 runs, 0 hits, 0 errors, 1 left on base; Buffalo 2 - Butler 2
BOTTOM OF THE 4TH
Butler White Sox batting - Pitching for Buffalo LightSabres : RHP Joe Hopkins
Batting: LHB Josh Pérez 0-0: Swinging Strike
0-1: Foul Ball, location: 2F
0-2: Ball
1-2: Strikes out swinging
Batting: SHB Giel Molendijk 0-0: Foul Ball, location: 2F
0-1: Ball
1-1: Ground out 6-3 (Groundball, 6)
Batting: RHB Ángel Serrano 0-0: Foul Ball, location: 2F
0-1: SINGLE (Flyball, 7LS)
Batting: RHB Jerry Moore 0-0: Ball
1-0: Foul Ball, location: 2F
Balk!
Ángel Serrano to second
1-1: Ball
2-1: Foul Ball, location: 2F
2-2: Strikes out swinging
Bottom of the 4th over - 0 runs, 1 hit, 0 errors, 1 left on base; Buffalo 2 - Butler 2
TOP OF THE 5TH
Buffalo LightSabres batting - Pitching for Butler White Sox : LHP Gary Fox
Batting: LHB Emílio Montoya 0-0: DOUBLE (Line Drive, 7LM)
Batting: LHB Júlio Córdova 0-0: Ball
1-0: Ball
2-0: Swinging Strike
2-1: Foul Ball, location: 2F
2-2: Ground out U3 (Groundball, 34)
Emílio Montoya to third
Batting: RHB Mike Wagner 0-0: Ball
1-0: Called Strike
1-1: SINGLE (Line Drive, 89S)
Emílio Montoya scores
Batting: LHB Tim Griffith 0-0: Ball
1-0: Called Strike
1-1: Swinging Strike
1-2: SINGLE (Line Drive, 89S)
Mike Wagner to second
Pitching: RHP Carlos Olmedo
Batting: RHB Augusto Padilla 0-0: Ball
1-0: Called Strike
Mike Wagner steals 3rd base
Tim Griffith to second
1-1: Ball
2-1: Ground out U3 (Groundball, 3)
Batting: LHB Garrett King 0-0: Hit by Pitch
Batting: RHB Brad Ravenshaw 0-0: Called Strike
0-1: Swinging Strike
0-2: Ball
1-2: Foul Ball, location: 2F
1-2: Ball
2-2: Fly out, F8 (Flyball, 89D)
Top of the 5th over - 1 run, 3 hits, 0 errors, 3 left on base; Buffalo 3 - Butler 2
BOTTOM OF THE 5TH
Butler White Sox batting - Pitching for Buffalo LightSabres : RHP Joe Hopkins
Batting: LHB Denny Allen 0-0: Called Strike
0-1: Ball
1-1: Ball
2-1: Ball
3-1: Fly out, F7 (Flyball, 7)
Batting: RHB Luis Fuentes 0-0: Called Strike
0-1: Ball
1-1: Ball
2-1: Ball
3-1: Foul Ball, location: 2F
3-2: Foul Ball, location: 2F
3-2: Base on Balls
Batting: LHB Sam Haynes 0-0: Ball
1-0: Foul Ball, location: 2F
1-1: Foul Ball, location: 2F
1-2: Hit by Pitch
Luis Fuentes to second
Batting: SHB Ben Marks 0-0: Ball
1-0: Ball
2-0: Called Strike
2-1: DOUBLE (Line Drive, 7D)
Luis Fuentes scores
Sam Haynes to third
Runner from 3rd tries for Home, SAFE, no throw
Batting: RHB Steve Clifton 0-0: Ground out 6-3 (Groundball, 6)
Batting: LHB Josh Pérez 0-0: Ball
1-0: Foul Ball, location: 2F
1-1: Foul Ball, location: 2F
1-2: Ball
2-2: Ball
3-2: Foul Ball, location: 2F
3-2: DOUBLE (Flyball, 89XD)
Ben Marks scores
Pitching: RHP Júlio Ruíz
Batting: SHB Giel Molendijk 0-0: Ball
1-0: Swinging Strike
1-1: Foul Ball, location: 2F
1-2: SINGLE (Line Drive, 6D)
Josh Pérez to third
Runner from 3rd tries for Home, SAFE, throw made home
Batting: RHB Ángel Serrano 0-0: Ball
1-0: Ball
2-0: Fly out, F5 (Line Drive, 56)
Bottom of the 5th over - 4 runs, 3 hits, 0 errors, 1 left on base; Buffalo 3 - Butler 6
TOP OF THE 6TH
Buffalo LightSabres batting - Pitching for Butler White Sox : RHP Carlos Olmedo
Batting: RHB Jorge Castillo 0-0: Called Strike
0-1: Ball
1-1: SINGLE (Groundball, 34D)
Batting: LHB Sergio Luna 0-0: Ball
1-0: Called Strike
1-1: Grounds into double play, 4-6-3 (Groundball, 4)
Batting: LHB Emílio Montoya 0-0: Ball
1-0: Ball
2-0: Ball
3-0: Base on Balls
Batting: LHB Júlio Córdova 0-0: Ball
Emílio Montoya steals 2nd base
1-0: Ball
2-0: Foul Ball, location: 2F
2-1: Ground out 6-3 (Groundball, 6)
Top of the 6th over - 0 runs, 1 hit, 0 errors, 1 left on base; Buffalo 3 - Butler 6
BOTTOM OF THE 6TH
Butler White Sox batting - Pitching for Buffalo LightSabres : RHP Júlio Ruíz
Batting: RHB Jerry Moore 0-0: Called Strike
0-1: Ball
1-1: Fly out, F8 (Flyball, 8RD)
Batting: LHB Denny Allen 0-0: Ball
1-0: Called Strike
1-1: Ball
2-1: Ground out 4-3 (Groundball, 4)
Batting: RHB Luis Fuentes 0-0: Ball
1-0: Ball
2-0: Called Strike
2-1: DOUBLE (Line Drive, 89D)
Batting: LHB Sam Haynes 0-0: Ball
1-0: Called Strike
1-1: Ball
2-1: Fly out, F6 (Flyball, 6D)
Bottom of the 6th over - 0 runs, 1 hit, 0 errors, 1 left on base; Buffalo 3 - Butler 6
TOP OF THE 7TH
Buffalo LightSabres batting - Pitching for Butler White Sox : RHP Carlos Olmedo
Batting: RHB Mike Wagner 0-0: Swinging Strike
0-1: Foul Ball, location: 2F
0-2: Strikes out swinging
Batting: LHB Tim Griffith 0-0: Called Strike
0-1: Foul Ball, location: 2F
0-2: Strikes out swinging
Batting: RHB Augusto Padilla 0-0: Foul Ball, location: 2F
0-1: Foul Ball, location: 2F
0-2: Ball
1-2: Foul Ball, location: 2F
1-2: Strikes out looking
Top of the 7th over - 0 runs, 0 hits, 0 errors, 0 left on base; Buffalo 3 - Butler 6
BOTTOM OF THE 7TH
Butler White Sox batting - Pitching for Buffalo LightSabres : RHP Júlio Ruíz
Batting: SHB Ben Marks 0-0: Called Strike
0-1: Ball
1-1: Ball
2-1: Swinging Strike
2-2: Ball
3-2: Base on Balls
Batting: RHB Steve Clifton 0-0: Swinging Strike
0-1: Ball
1-1: Ball
2-1: Swinging Strike
2-2: Foul Ball, location: 2F
2-2: Strikes out swinging
Batting: LHB Josh Pérez 0-0: Ball
1-0: Ball
2-0: Foul Ball, location: 2F
2-1: SINGLE (Groundball, 34D)
Ben Marks to second
Runner from 2nd tries for 3rd, SAFE, no throw
Batting: SHB Giel Molendijk 0-0: Ball
1-0: Called Strike
1-1: Fly out, F9 (Line Drive, 9)
Runner from 3rd tags up, SCORES, throw made
Batting: RHB Ángel Serrano 0-0: Called Strike
Josh Pérez steals 2nd base
0-1: Ball
1-1: SINGLE (Line Drive, 4MD)
Josh Pérez to third
Runner from 3rd tries for Home, SAFE, no throw
Batting: RHB Jerry Moore Balk!
Ángel Serrano to second
0-0: Called Strike
0-1: Swinging Strike
0-2: Strikes out swinging
Bottom of the 7th over - 2 runs, 2 hits, 0 errors, 1 left on base; Buffalo 3 - Butler 8
TOP OF THE 8TH
Buffalo LightSabres batting - Pitching for Butler White Sox : RHP Carlos Olmedo
Batting: LHB Garrett King 0-0: Called Strike
0-1: Ball
1-1: Ball
2-1: Ball
3-1: Base on Balls
Batting: RHB Brad Ravenshaw 0-0: Ball
1-0: Swinging Strike
1-1: Swinging Strike
1-2: Strikes out swinging
Batting: RHB Jorge Castillo 0-0: Fly out, F8 (Line Drive, 8LM)
Batting: LHB Sergio Luna 0-0: Swinging Strike
0-1: Fielders Choice at 2nd, 5-4 (Groundball, 5L)
Top of the 8th over - 0 runs, 0 hits, 0 errors, 1 left on base; Buffalo 3 - Butler 8
BOTTOM OF THE 8TH
Butler White Sox batting - Pitching for Buffalo LightSabres : RHP Júlio Ruíz
Batting: LHB Denny Allen 0-0: Ball
1-0: Ground out 4-3 (Groundball, 34D)
Batting: RHB Luis Fuentes 0-0: Ball
1-0: Ball
2-0: DOUBLE (Flyball, 89D)
Batting: LHB Sam Haynes 0-0: Ball
1-0: Called Strike
1-1: Foul Ball, location: 2F
1-2: Strikes out looking
Batting: SHB Ben Marks 0-0: Ground out 4-3 (Groundball, 4S)
Bottom of the 8th over - 0 runs, 1 hit, 0 errors, 1 left on base; Buffalo 3 - Butler 8
TOP OF THE 9TH
Buffalo LightSabres batting - Pitching for Butler White Sox : RHP Carlos Olmedo
Batting: LHB Emílio Montoya 0-0: Ball
1-0: Ball
2-0: Foul Ball, location: 2F
2-1: Ground out 6-3 (Groundball, 6M)
Batting: LHB Júlio Córdova 0-0: Swinging Strike
0-1: Ball
1-1: Called Strike
1-2: Foul Ball, location: 2F
1-2: Ball
2-2: Strikes out swinging
Batting: RHB Mike Wagner 0-0: Ball
1-0: SINGLE (Line Drive, 56)
Pitching: RHP Wilson Yoxall
Batting: LHB Tim Griffith 0-0: Ball
1-0: Swinging Strike
1-1: Swinging Strike
1-2: Strikes out swinging
Top of the 9th over - 0 runs, 1 hit, 0 errors, 1 left on base; Buffalo 3 - Butler 8
Saturday, April 7th, 2018 - OOTP Baseball 18.8 Build 76